 Dungeon Crawl Stone Soup version bcrawl-1.23.1 (webtiles) character file.

Game seed: 15574723635361806533

23 pasperui the Conjurer (level 2, -1/23 HPs)
             Began as a Draconian Conjurer on May 27, 2020.
             Slain by a kobold
             ... wielding a +0 short sword
              (3 damage)
             ... on level 1 of the Dungeon.
             The game lasted 00:01:03 (256 turns).

pasperui the Conjurer (Draconian Conjurer)           Turns: 256, Time: 00:01:04

Health: -1/23      AC:  4    Str: 10    XL:     2   Next: 75%
Magic:  5/5        EV: 12    Int: 15    God:
Gold:   42         SH:  0    Dex: 11    Spells: 4/5 levels left

rFire    . . .     SeeInvis .   c - +0 short sword
rCold    . . .     Gourm    .   (no shield)
rNeg     . . .     Faith    .   (armour unavailable)
rPois    .         Spirit   .   (helmet restricted)
rElec    .         Reflect  .   (no cloak)
rCorr    .         Harm     .   (no gloves)
MR       .....                  (no boots)
Stlth    ++........             (no amulet)
HPRegen  0.07/turn              (no ring)
MPRegen  0.09/turn              (no ring)

@: no status effects
A: unfitting armour, cold-blooded, AC +4
a: no special abilities


You were on level 1 of the Dungeon.
You were not hungry.

You visited 1 branch of the dungeon, and saw 1 of its levels.

You collected 42 gold pieces.

Inventory:

Hand Weapons
 c - a +0 short sword (weapon)
Scrolls
 d - a scroll of identify {unknown}
Potions
 b - a potion of magic
Comestibles
 a - 5 chunks of flesh
 e - 2 rations {!d}


   Skills:
 - Level 1.3 Fighting
 * Level 1.8 Throwing
 - Level 1.7 Dodging
 - Level 2.0 Stealth
 - Level 2.0 Spellcasting
 - Level 4.0 Conjurations


You had 4 spell levels left.
You knew the following spells:

 Your Spells              Type           Power        Failure   Level  Hunger
a - Magic Dart            Conj           ##..         4%          1    #......

Your spell library contained the following spells:

 Spells                   Type           Power        Failure   Level  Hunger
 Searing Ray              Conj           ##......     6%          2    ###....
 Iskenderun's Mystic Bla  Conj           ##......     13%         3    ###....
 Fulminant Prism          Conj/Hex       #.........   67%         4    #####..
 Irradiate                Conj/Tmut      #.........   95%         5    ######.


Dungeon Overview and Level Annotations

Branches:
Dungeon (1/12)

Altars:


Innate Abilities, Weirdness & Mutations

Your plain brown scales are hard. (AC +4)
You cannot fit into any form of body armour.
You are cold-blooded and may be slowed by cold attacks.


Message History

You closely miss the rat. You tail-slap the rat.
The rat is heavily wounded.
The kobold hits you but does no damage. The rat closely misses you.
You hit the rat.
You kill the rat!
The kobold closely misses you. The kobold hits you but does no damage.
You see here a rat corpse.
You closely miss the kobold.
The kobold hits you with a +0 short sword.
You hit the kobold but do no damage. The kobold closely misses you.
You hit the kobold.
The kobold is heavily wounded.
The kobold hits you with a +0 short sword.
* * * LOW HITPOINT WARNING * * *
Some of the chunks of flesh in your inventory have rotted away.
You closely miss the kobold.
The kobold is moderately wounded.
The kobold hits you with a +0 short sword.
You die...

... #......# #.##
โ‰ˆ).######...... ......
โ‰ˆ............# ....#
โ‰ˆ.....# #...# ....
....#.###...# ...
............## ##.##
#............###)..###..
.........#......K......#
..)........##...@..####
...................#
....[..........##..#
...............# ..#
.###...........# ..#
.รท.............# ...
######.........# .#.#
.......... ...# .....


You could see a kobold.

Vanquished Creatures
  An ooze (D:1)
  A dart slug (D:1)
  A leopard gecko (D:1)
  A giant cockroach (D:1)
  2 goblins (D:1)
  3 hobgoblins (D:1)
  A ball python (D:1)
  A bat (D:1)
  A frilled lizard (D:1)
  2 kobolds (D:1)
  2 rats (D:1)
16 creatures vanquished.

Notes
Turn   | Place    | Note
-------+----------+-------------------------------------------
     0 | D:1      | pasperui the Draconian Conjurer began the quest for the
                  | Orb.
     0 | D:1      | Reached XP level 1. HP: 14/14 MP: 3/3
    25 | D:1      | Reached skill level 1 in Fighting
   145 | D:1      | Reached skill level 1 in Throwing
   145 | D:1      | Reached XP level 2. HP: 16/23 MP: 5/5
   255 | D:1      | HP: 1/23 [kobold/+0 short sword (6)]
   256 | D:1      | Slain by a kobold

Skill      XL: |  1 |
---------------+----+-----
Fighting       | 1 |  1.3
Throwing       | 1 |  1.8
Dodging        | |  1.7
Stealth        | |  2.0
Spellcasting   | |  2.0
Conjurations   | |  4.0

Action                   || total
-------------------------++-------
Melee: Short sword       ||    40
       Unarmed           ||    15
       Tailslap          ||     7
 Cast: Magic Dart        ||     4
Armor: Skin              ||    22
Dodge: Dodged            ||    48
